[Event "Titled Tuesday Blitz August 31 2021"]
[White "Andreikin, Dmitry"]
[Black "Timmermans, Mark"]
[WhiteFideId "4158814"]
[BlackFideId "1026399"]
[WhiteElo "2782"]
[BlackElo "2460"]
[Result "1-0"]
[Round "04"]
[TimeControl "180+1"]
[Date "2021.08.31"]
[WhiteClock "0:00:06"]
[BlackClock "0:00:11"]

1. e4 e5 2. Nf3 Nc6 3. Nc3 Nf6 4. Bb5 Nd4 5. O-O Nxb5 6. Nxb5 c6 7. Nc3 d6 8. d4 Qc7 9. a4 Be7 10. b3 O-O 11. Bb2 Bg4 12. h3 Bxf3 13. Qxf3 exd4 14. Ne2 c5 15. c3 dxc3 16. Nxc3 Qc6 17. Qg3 Rfe8 18. Nd5 Kf8 19. f4 Bd8 20. Rae1 Rxe4 21. Rxe4 Qxd5 22. Re2 Qf5 23. Qf3 d5 24. Rd1 Qd7 25. Bxf6 Bxf6 26. Qxd5 Qxd5 27. Rxd5 Rc8 28. Rd7 b6 29. Rxa7 b5 30. Rb7 bxa4 31. bxa4 c4 32. Kf1 c3 33. Rc2 Rc4 34. a5 Rxf4+ 35. Ke2 Ra4 36. Ra7 h5 37. a6 h4 38. Kd3 Rd4+ 39. Ke3 Ra4 40. Ra8+ Ke7 41. Re2 Kd7 42. Kd3 Kc7 43. Rf8 Rxa6 44. Rxf7+ Kd6 45. Rf8 Rb6 46. Rfe8 Kd7 47. Ra8 Rb4 48. Ra6 Rd4+ 49. Kc2 Rb4 50. Kd3 Rd4+ 51. Kc2 Rb4 52. Ra2 Kd6 53. Kd3 Kd7 54. Rac2 Kd6 55. Rc1 Kd5 56. Rf1 Rd4+ 57. Kc2 Ra4 58. Rf5+ Kd6 59. Rf3 Rb4 60. Rd3+ Kc5 61. Rd7 Kc6 62. Ra7 Kd6 63. Ra8 Kd7 64. Ra2 Kd6 65. Re3 Kd5 66. Rd3+ Ke4 67. Rf3 Kd5 68. Kd3 Kd6 69. Re2 Kd5 70. Rf5+ Kd6 71. Rff2 Kd5 72. Rf3 Kd6 73. Re4 Rb2 74. Re2 Rb4 75. Rfe3 Kd5 76. Re8 Kd6 77. Rc8 Kd7 78. Rc4 Rb1 79. Ra2 Rd1+ 80. Ke4 Rb1 81. Kf5 Rb5+ 82. Kg4 Kd6 83. Rc2 Kd5 84. R4xc3 Rb4+ 85. Kf5 Bxc3 86. Rxc3 Rd4 87. Rc7 g6+ 88. Kxg6 Rf4 89. Kh5 Ke6 90. Rg7 Kf6 91. Rg4 Rf5+ 92. Kxh4 Ra5 93. Kg3 Ra3+ 94. Kh2 Ra4 95. Rg3 Rb4 96. Rf3+ Kg5 97. Re3 Kh5 98. Rg3 Kh6 99. Rg8 Rb8 100. Rg4 Kh5 101. Ra4 Kg5 102. Ra5+ Kh6 103. h4 Rb3 104. g3 Rb4 105. Kh3 Rc4 106. Ra6+ Kh7 107. h5 Rc6 108. Rxc6 1-0


[Site "https://www.chess.com"]

[Event "Titled Tuesday Blitz August 31 2021"]
[White "Baches Garcia, Guillermo"]
[Black "Ider, Borya"]
[WhiteFideId "2209764"]
[BlackFideId "4901134"]
[WhiteElo "2514"]
[BlackElo "2512"]
[Result "0-1"]
[Round "04"]
[TimeControl "180+1"]
[Date "2021.08.31"]
[WhiteClock "0:00:07"]
[BlackClock "0:00:57"]

1. e4 e6 2. d4 d5 3. exd5 exd5 4. Nf3 c6 5. Bd3 Bd6 6. O-O Ne7 7. c4 O-O 8. Nc3 Bf5 9. Re1 Bxd3 10. Qxd3 dxc4 11. Qxc4 Ng6 12. Bg5 Qa5 13. Ne4 Bc7 14. Nc5 b6 15. b4 Qb5 16. Qxb5 cxb5 17. Ne4 f6 18. Rac1 Na6 19. Bd2 Rad8 20. Rc6 Rfe8 21. Nc3 Rxe1+ 22. Bxe1 Ne7 23. Re6 Kf7 24. Re2 Nxb4 25. Nxb5 Nbd5 26. Nxa7 Nf4 27. Rxe7+ Kxe7 28. Nc6+ Ke6 29. Nxd8+ Bxd8 30. Kf1 Kd5 31. Bd2 Ne6 32. Ke2 Nxd4+ 33. Nxd4 Kxd4 34. Bb4 Kc4 35. Bf8 g6 36. Ke3 Kc3 37. Ke4 Kc4 38. g4 Kc3 39. Kd5 f5 40. gxf5 gxf5 41. f4 Bc7 42. Ke6 Bxf4 43. Kxf5 Bxh2 44. Kg5 Kb2 45. a4 Kb3 46. Be7 Kxa4 47. Bd8 b5 48. Kh6 b4 49. Kxh7 Be5 50. Kg6 b3 0-1


[Site "https://www.chess.com"]

[Event "Titled Tuesday Blitz August 31 2021"]
[White "Batsuren, Dambasuren"]
[Black "Bazarov, Konstantin"]
[WhiteFideId "4902920"]
[BlackFideId "4137000"]
[WhiteElo "2371"]
[BlackElo "2122"]
[Result "1-0"]
[Round "04"]
[TimeControl "180+1"]
[Date "2021.08.31"]
[WhiteClock "0:00:58"]
[BlackClock "0:00:31"]

1. c4 c6 2. Nf3 d5 3. e3 Nf6 4. b3 Bg4 5. Bb2 Nbd7 6. h3 Bh5 7. Nc3 e5 8. g4 Bg6 9. d4 exd4 10. Nxd4 Qa5 11. a3 Bd6 12. b4 Qc7 13. cxd5 cxd5 14. Ndb5 Qc6 15. Rc1 d4 16. Ne4 Bc5 17. Nxf6+ Nxf6 18. Rxc5 Qxh1 19. Nc7+ Ke7 20. Re5+ Kd6 21. Qxd4+ Kxc7 22. Rc5+ Qc6 23. Bb5 Qxc5 24. Qxc5+ Kb8 25. Be5# 1-0


[Site "https://www.chess.com"]

[Event "Titled Tuesday Blitz August 31 2021"]
[White "Bernadskiy, Vitaliy"]
[Black "Petriashvili, Nikoloz"]
[WhiteFideId "14100371"]
[BlackFideId "13611216"]
[WhiteElo "2510"]
[BlackElo "2430"]
[Result "0-1"]
[Round "04"]
[TimeControl "180+1"]
[Date "2021.08.31"]
[WhiteClock "0:00:03"]
[BlackClock "0:00:05"]

1. e4 c5 2. Nf3 Nc6 3. Nc3 Nf6 4. Bb5 g6 5. O-O Bg7 6. Re1 O-O 7. d3 d6 8. Bxc6 bxc6 9. e5 Nd5 10. h3 Nxc3 11. bxc3 Be6 12. Bf4 Qd7 13. Qd2 Bd5 14. Nh2 dxe5 15. Bxe5 f6 16. Bf4 e5 17. Bh6 c4 18. d4 exd4 19. cxd4 c3 20. Qc1 Rfe8 21. Bxg7 Kxg7 22. Ng4 g5 23. Qa3 h5 24. Ne3 g4 25. hxg4 hxg4 26. Qxc3 f5 27. Qd2 Re4 28. Nxd5 cxd5 29. Rxe4 dxe4 30. Qg5+ Kf7 31. Rb1 Rc8 32. Qh6 Rg8 33. c4 g3 34. d5 gxf2+ 35. Kxf2 Rg6 36. Qh8 Qc7 37. Qh7+ Rg7 38. Qxf5+ Kg8 39. Qxe4 Qc5+ 40. Kf1 Rf7+ 41. Ke2 Re7 42. Qxe7 Qxe7+ 43. Kd3 Qh7+ 0-1


[Site "https://www.chess.com"]

[Event "Titled Tuesday Blitz August 31 2021"]
[White "Blomqvist, Erik"]
[Black "Terry, Renato"]
[WhiteFideId "1709437"]
[BlackFideId "3803457"]
[WhiteElo "2460"]
[BlackElo "2581"]
[Result "0-1"]
[Round "04"]
[TimeControl "180+1"]
[Date "2021.08.31"]
[WhiteClock "0:00:03"]
[BlackClock "0:00:03"]

1. e4 e6 2. d4 d5 3. Nd2 Be7 4. Ngf3 Nf6 5. Bd3 c5 6. exd5 Qxd5 7. dxc5 Qxc5 8. O-O Nbd7 9. Qe2 Qc7 10. a4 b6 11. Nb3 Bb7 12. a5 O-O 13. a6 Bd5 14. Nbd4 Rac8 15. Bg5 Nc5 16. Bb5 Nh5 17. Bxe7 Qxe7 18. Qe3 Qf6 19. Rfe1 Nf4 20. Bf1 Rfd8 21. Ne5 Ne4 22. Nd3 Nxd3 23. Bxd3 Nc5 24. Nb5 Rd7 25. b4 Nxd3 26. cxd3 Rcd8 27. Rac1 h6 28. f3 Qb2 29. Rb1 Qf6 30. Rbc1 Qf5 31. Rc3 Bxf3 32. Nxa7 Bxg2 33. Kxg2 Rxa7 34. Qxb6 Qd5+ 35. Kg1 Rad7 36. a7 Qg5+ 37. Kf2 Qd2+ 38. Re2 Qxc3 39. Qb8 Qf6+ 40. Kg2 Qg5+ 41. Kf1 Qd5 0-1


[Site "https://www.chess.com"]

[Event "Titled Tuesday Blitz August 31 2021"]
[White "Borsuk, Konstantin"]
[Black "Pandey Srishti"]
[WhiteFideId "14113406"]
[BlackFideId "35093290"]
[WhiteElo "2382"]
[BlackElo "1816"]
[Result "1-0"]
[Round "04"]
[TimeControl "180+1"]
[Date "2021.08.31"]
[WhiteClock "0:00:12"]
[BlackClock "0:00:20"]

1. d4 d5 2. c4 c6 3. Nc3 Nf6 4. e3 e6 5. Nf3 Nbd7 6. Qc2 Bd6 7. g4 h6 8. Rg1 e5 9. cxd5 cxd5 10. h3 e4 11. Nh4 g6 12. f4 exf3 13. Nxf3 Qe7 14. Bd2 Nb6 15. Ne5 Bxe5 16. dxe5 Qxe5 17. Nb5 O-O 18. Qc7 Qxc7 19. Nxc7 Rb8 20. Bc3 Ne4 21. Bd4 Bd7 22. b3 Bc6 23. a4 Rbc8 24. Nb5 Bxb5 25. axb5 Ra8 26. h4 Nd7 27. h5 g5 28. Bd3 b6 29. Bxe4 dxe4 30. Rf1 Nc5 31. Bxc5 bxc5 32. Rf5 Rfc8 33. Kd2 c4 34. b4 c3+ 35. Kc2 Kg7 36. Rc5 Rxc5 37. bxc5 Rc8 38. c6 Rc7 39. Kxc3 Kf6 40. Kd4 Ke6 41. Kxe4 Kd6 42. Kd4 f6 43. e4 Ke6 44. Kc5 Ke5 45. Rf1 Kxe4 46. Rxf6 Ke5 47. Rxh6 Kf4 48. Rd6 Kxg4 49. h6 Kf3 50. Rd7 Rc8 51. Rxa7 g4 52. Rg7 g3 53. b6 g2 54. b7 Rc7 55. Rxg2 Kxg2 56. b8=Q Rf7 57. Qg8+ Kh1 1-0


[Site "https://www.chess.com"]

[Event "Titled Tuesday Blitz August 31 2021"]
[White "Bortnyk, Olexandr"]
[Black "Gunina, Valentina"]
[WhiteFideId "14120828"]
[BlackFideId "4167570"]
[WhiteElo "2723"]
[BlackElo "2399"]
[Result "0-1"]
[Round "04"]
[TimeControl "180+1"]
[Date "2021.08.31"]
[WhiteClock "0:00:10"]
[BlackClock "0:00:04"]

1. e4 c6 2. c4 d5 3. cxd5 cxd5 4. exd5 Nf6 5. Qa4+ Nbd7 6. Nc3 g6 7. Bc4 Bg7 8. d3 O-O 9. Nf3 a6 10. Qa3 b6 11. O-O Bb7 12. Re1 b5 13. Bb3 Nb6 14. Qxe7 Bxd5 15. Nxd5 Nfxd5 16. Qxd8 Rfxd8 17. a3 h6 18. Rb1 Rab8 19. Bd2 Na4 20. d4 Ndb6 21. Bf4 Rb7 22. Be5 Nc4 23. Re2 Nab6 24. Rc1 Rbd7 25. Bxg7 Kxg7 26. g3 Rd6 27. Kg2 R8d7 28. Rc3 Nd5 29. Rcc2 Ndb6 30. h4 Rf6 31. Re8 Nd6 32. Rb8 Ndc4 33. Re2 Nd5 34. Bxc4 bxc4 35. Ne5 Rc7 36. Rc2 Nb6 37. b4 Rd6 38. Rd2 c3 39. Rc2 Na4 40. Nf3 Re6 41. d5 Rd6 42. Nd4 Rxd5 43. Nb3 Rd1 44. Re8 Rb1 45. Nd4 Rb2 46. Rd8 Rc4 47. Rd7 Rxd4 48. Rxd4 Rxc2 49. Rc4 Rb2 50. h5 Rd2 51. hxg6 Kxg6 52. Rc6+ f6 53. Rxa6 c2 54. Rc6 Nb2 55. b5 Na4 56. Kf3 Kf5 57. Ke3 Rd5 58. Rxc2 Rxb5 59. Kf3 Rb3+ 60. Kg2 Rxa3 61. Rc4 Kg5 62. Rc8 Nb6 63. Rg8+ Kf5 64. Rd8 Nc4 65. Rd5+ Kg6 66. Rc5 Ne5 67. f4 Ra2+ 68. Kh3 Nd3 69. Rc8 Nf2+ 70. Kh4 Ra1 71. g4 Rg1 72. f5+ Kf7 73. Rc7+ Ke8 74. Kh5 Rxg4 75. Kxh6 Rg5 76. Ra7 Ng4+ 77. Kh7 Rxf5 78. Ra4 Rg5 79. Ra7 Ne5 80. Kh6 Nd7 81. Rb7 Ke7 82. Ra7 Rg1 83. Kh5 Ke6 84. Kh4 Kf5 85. Rxd7 Ke4 86. Re7+ Kf4 87. Kh3 f5 88. Kh2 Rg8 89. Ra7 Rd8 90. Ra4+ Ke3 91. Ra3+ Rd3 92. Kg3 Rxa3 93. Kh4 Kf4 94. Kh5 Rh3+ 95. Kg6 Ke4 96. Kf6 f4 97. Ke6 f3 98. Kf6 f2 99. Kg5 f1=Q 100. Kg4 Qf5# 0-1


[Site "https://www.chess.com"]

[Event "Titled Tuesday Blitz August 31 2021"]
[White "Bryakin, Mikhail"]
[Black "Sharapov, Evgeny"]
[WhiteFideId "4165314"]
[BlackFideId "14103133"]
[WhiteElo "2336"]
[BlackElo "2367"]
[Result "1-0"]
[Round "04"]
[TimeControl "180+1"]
[Date "2021.08.31"]
[WhiteClock "0:00:10"]
[BlackClock "0:00:03"]

1. e4 c5 2. Nf3 d6 3. c3 Nf6 4. Be2 Nc6 5. d4 cxd4 6. cxd4 d5 7. exd5 Nxd5 8. O-O e6 9. Nc3 Be7 10. a3 O-O 11. Qc2 Bd7 12. Rd1 Rc8 13. Bd3 g6 14. Be3 Nxe3 15. fxe3 Bf6 16. Qe2 Ne7 17. e4 Bc6 18. Kh1 Bg7 19. Qf2 Qb6 20. b4 a6 21. Rac1 Rcd8 22. Ne2 Bb5 23. Rc5 Bxd3 24. Rxd3 Nc6 25. d5 exd5 26. exd5 Ne5 27. Nxe5 Bxe5 28. Qh4 Bf6 29. Qc4 Be7 30. d6 Rxd6 31. Rxd6 Bxd6 32. Rd5 Qc7 33. Qxc7 Bxc7 34. Rd7 Rc8 35. g3 Kf8 36. Kg2 Ke8 37. Rd3 Bb6 38. Kf3 Ke7 39. Nf4 Ba7 40. Nd5+ Kf8 41. Nf6 Kg7 42. Ne4 Rc7 43. g4 h6 44. h4 f5 45. gxf5 gxf5 46. Nd6 Kg6 47. Ne8 Re7 48. Rd6+ Kf7 49. Nf6 Bb8 50. Rb6 Bc7 51. Rxb7 Kxf6 52. Ra7 a5 53. bxa5 Be5 54. Ra6+ Re6 55. Ra8 f4 56. a6 Bd4 57. Kxf4 Re7 58. Kg4 Be3 59. Kf3 Ba7 60. Kg4 Kf7 61. Rh8 Be3 62. Ra8 Ra7 63. Rxa7+ Bxa7 64. Kf5 Bb6 65. Ke5 Ba7 66. Kd5 Ke7 67. Kc6 Kd8 68. Kb7 h5 69. Kxa7 Kc7 70. a4 1-0


[Site "https://www.chess.com"]

[Event "Titled Tuesday Blitz August 31 2021"]
[White "Chasin, Nico"]
[Black "Shtyka, Sergey"]
[WhiteFideId "30908477"]
[BlackFideId "4138465"]
[WhiteElo "2065"]
[BlackElo "2064"]
[Result "1-0"]
[Round "04"]
[TimeControl "180+1"]
[Date "2021.08.31"]
[WhiteClock "0:00:32"]
[BlackClock "0:00:01"]

1. d4 c5 2. d5 e5 3. c4 d6 4. Nc3 Be7 5. Nf3 Nf6 6. e4 Bg4 7. Be2 Bxf3 8. Bxf3 O-O 9. O-O a6 10. g3 Nbd7 11. Bg2 Rb8 12. a4 b6 13. h4 Ne8 14. Bh3 Nc7 15. Qd3 Nf6 16. f4 exf4 17. Bxf4 Nd7 18. Rae1 Ne8 19. Qd2 Bf6 20. b3 Ne5 21. h5 Nc7 22. h6 g6 23. Re3 b5 24. axb5 axb5 25. cxb5 Nxb5 26. Nxb5 Rxb5 27. Rc3 Rb4 28. Qc2 Qb6 29. Kg2 Rb8 30. Qf2 Rb7 31. Bxe5 Bxe5 32. Rf3 Rxb3 33. Rxf7 Rxg3+ 34. Qxg3 Rxf7 35. Be6 Qc7 36. Rxf7 Qxf7 37. Bxf7+ Kxf7 38. Qb3 Kf6 39. Qb7 Kg5 40. Qxh7 Kh5 41. Qg7 1-0


[Site "https://www.chess.com"]

[Event "Titled Tuesday Blitz August 31 2021"]
[White "Chigaev, Maksim"]
[Black "Tarigan, Gilbert Elroy"]
[WhiteFideId "4108116"]
[BlackFideId "7108133"]
[WhiteElo "2579"]
[BlackElo "1908"]
[Result "1-0"]
[Round "04"]
[TimeControl "180+1"]
[Date "2021.08.31"]
[WhiteClock "0:00:51"]
[BlackClock "0:00:04"]

1. d4 Nf6 2. Nc3 d5 3. Bf4 c6 4. f3 e6 5. e4 b6 6. Qd3 Ba6 7. Qe3 Bxf1 8. Kxf1 Bb4 9. Nge2 a5 10. a3 Be7 11. h4 h5 12. e5 Ng8 13. Bg5 Nh6 14. Ng3 Nd7 15. Nce2 Nf8 16. Qd2 Nf5 17. Nxf5 exf5 18. Bxe7 Qxe7 19. Nf4 Ne6 20. Kf2 g6 21. Rac1 b5 22. g3 a4 23. Ne2 Kd7 24. c3 Nc7 25. Nf4 Ne6 26. Nd3 Qf8 27. Rcg1 Qh6 28. Qc2 Qf8 29. Ke2 Qe7 30. Kd1 Kc7 31. Kc1 Qf8 32. Kb1 Ra7 33. Rf1 Qe7 34. Qf2 Kb8 35. Nb4 Kb7 36. g4 f4 37. g5 Raa8 38. Qd2 Rac8 39. Nd3 Qd7 40. Rhg1 Kc7 41. Nxf4 Nxf4 42. Qxf4 Qe6 43. Qf6 Kd7 44. f4 Qxf6 45. gxf6 Ke6 46. Rg5 Rhg8 47. Rfg1 Rh8 48. Rf1 Rcg8 49. f5+ gxf5 50. Rfxf5 Rg6 51. Kc2 Rhg8 52. Rxg6 Rxg6 53. Rxh5 Rg2+ 54. Kb1 Rg1+ 55. Ka2 Rh1 56. Rh8 Kf5 57. h5 Ke4 58. e6 Kd3 59. e7 1-0


[Site "https://www.chess.com"]

[Event "Titled Tuesday Blitz August 31 2021"]
[White "Csonka, Balazs"]
[Black "Chen, Max"]
[WhiteFideId "742910"]
[BlackFideId "2622440"]
[WhiteElo "2404"]
[BlackElo "2474"]
[Result "1-0"]
[Round "04"]
[TimeControl "180+1"]
[Date "2021.08.31"]
[WhiteClock "0:00:09"]
[BlackClock "0:00:19"]

1. d4 Nf6 2. Bg5 d5 3. e3 e6 4. Nd2 Be7 5. Bd3 b6 6. Ngf3 Bb7 7. Ne5 Nbd7 8. f4 O-O 9. Qf3 c5 10. c3 Re8 11. O-O Rc8 12. Rae1 Nf8 13. f5 exf5 14. Bxf5 Rc7 15. Qh3 Ne4 16. Nxf7 Nxd2 17. Nxd8 Bxg5 18. Ne6 Nxf1 19. Nxf8 Nxe3 20. Qxh7+ Kxf8 21. Qh8+ Kf7 22. Bg6+ Kxg6 23. Qxe8+ Rf7 24. Rxe3 Bxe3+ 25. Qxe3 cxd4 26. Qxd4 Re7 27. Qg4+ Kf7 28. Qf5+ Ke8 29. h4 Rf7 30. Qe6+ Re7 31. Qg6+ Kd7 32. h5 Kc7 33. Kh2 Bc6 34. g4 Bd7 35. Kg3 Be8 36. Qg5 Kd6 37. h6 gxh6 38. Qxh6+ Re6 39. Qf8+ Kc6 40. g5 Kd7 41. Qf4 Kc6 42. Qb8 a5 43. Qc8+ Kd6 44. Qd8+ Kc6 45. a4 Bg6 46. b4 axb4 47. cxb4 Be8 48. Qc8+ Kd6 49. a5 bxa5 50. bxa5 Re3+ 51. Kf2 Re4 52. a6 Bd7 53. Qb8+ Kc5 54. a7 1-0


[Site "https://www.chess.com"]

[Event "Titled Tuesday Blitz August 31 2021"]
[White "Demidov, Mikhail"]
[Black "De Silva, L M S T"]
[WhiteFideId "4197143"]
[BlackFideId "9953698"]
[WhiteElo "2796"]
[BlackElo "2629"]
[Result "1-0"]
[Round "04"]
[TimeControl "180+1"]
[Date "2021.08.31"]
[WhiteClock "0:00:05"]
[BlackClock "0:00:08"]

1. Nf3 Nf6 2. g3 b6 3. Bg2 Bb7 4. O-O g6 5. c4 Bg7 6. Nc3 O-O 7. Re1 Ne4 8. Nxe4 Bxe4 9. d3 Bb7 10. h4 e5 11. h5 Nc6 12. Bg5 f6 13. Bd2 Ne7 14. h6 Bh8 15. c5 bxc5 16. e4 Rb8 17. Rc1 d6 18. b4 cxb4 19. Bxb4 c5 20. Bd2 Bc8 21. Qa4 Be6 22. Rb1 Qd7 23. Qa3 Nc6 24. Be3 Rxb1 25. Rxb1 Rb8 26. Rxb8+ Nxb8 27. Nd2 Nc6 28. Nc4 f5 29. exf5 gxf5 30. Qa4 d5 31. Na5 Nxa5 32. Qxa5 d4 33. Bg5 c4 34. dxc4 Bxc4 35. Bc6 Qxc6 36. Qd8+ Kf7 37. Qxh8 Kg6 38. Bd2 Qc7 39. Qe8+ Bf7 40. Qf8 Bd5 41. Qe8+ Kf6 42. Qf8+ Ke6 43. Bg5 Qb7 44. Kh2 Kd7 45. Qe7+ Kc6 46. Qxe5 Qb1 47. Qf6+ Kb5 48. g4 Qh1+ 49. Kg3 Qg2+ 50. Kf4 Qxg4+ 51. Ke5 Qe4+ 52. Kd6 d3 53. Qb2+ Kc4 54. Qb3+ Kd4 55. Bf6+ 1-0


[Site "https://www.chess.com"]

[Event "Titled Tuesday Blitz August 31 2021"]
[White "Eljanov, Pavel"]
[Black "Mikhailovsky, Vladimir"]
[WhiteFideId "14102951"]
[BlackFideId "34105414"]
[WhiteElo "2602"]
[BlackElo "2315"]
[Result "0-1"]
[Round "04"]
[TimeControl "180+1"]
[Date "2021.08.31"]
[WhiteClock "0:00:01"]
[BlackClock "0:00:07"]

1. Nf3 d5 2. g3 c6 3. c4 Nf6 4. Bg2 Nbd7 5. d4 dxc4 6. a4 e6 7. O-O Bb4 8. Na3 Bxa3 9. Rxa3 Qe7 10. b3 c3 11. Qc2 e5 12. dxe5 Nxe5 13. Qxc3 Nxf3+ 14. Bxf3 O-O 15. Ra2 Re8 16. Ba3 Qe6 17. Rd1 Qh3 18. Bg2 Qh5 19. Qc5 Qg6 20. Rad2 Be6 21. Rd3 Bd5 22. Re3 Rxe3 23. Qxe3 Re8 24. Qxa7 Qc2 25. Qd4 Rxe2 26. Bf1 Re8 27. Qd3 Qa2 28. Bc5 Bxb3 29. Rd2 Qxa4 30. Bd4 Bd5 31. Bxf6 gxf6 32. Rb2 b5 33. Qd2 Qe4 34. f3 Qxf3 35. Rb4 Re4 36. Rxe4 Qxe4 37. Kf2 c5 38. Bd3 Qd4+ 39. Ke2 c4 40. Bxh7+ Kg7 41. Qxd4 c3 42. Qxd5 c2 0-1


[Site "https://www.chess.com"]

[Event "Titled Tuesday Blitz August 31 2021"]
[White "Erdogdu, Mert"]
[Black "Pastar, Slaven"]
[WhiteFideId "6301495"]
[BlackFideId "14402718"]
[WhiteElo "2485"]
[BlackElo "2150"]
[Result "0-1"]
[Round "04"]
[TimeControl "180+1"]
[Date "2021.08.31"]
[WhiteClock "0:00:14"]
[BlackClock "0:00:06"]

1. e4 b6 2. d4 Bb7 3. Bd3 Nf6 4. Qe2 e6 5. Nf3 d5 6. e5 Ne4 7. O-O c5 8. c3 Be7 9. Nbd2 Nxd2 10. Bxd2 a5 11. Rad1 Ba6 12. Bxa6 Nxa6 13. c4 O-O 14. cxd5 Qxd5 15. Bg5 Bxg5 16. dxc5 Qxc5 17. Nxg5 h6 18. Nf3 Nb4 19. a3 Nd5 20. Rd4 Rac8 21. Rfd1 Qc2 22. R4d2 Qg6 23. g3 Rc5 24. Nh4 Qg5 25. Qe4 Rfc8 26. Nf3 Qh5 27. Kg2 Rc1 28. Rxc1 Rxc1 29. g4 Qg6 30. Qxg6 fxg6 31. Nd4 Kf7 32. Kf3 g5 33. Rc2 Rd1 34. Ke4 Re1+ 35. Re2 Rg1 36. h3 Rc1 37. Rc2 Rxc2 38. Nxc2 Nf4 39. h4 Nh3 40. hxg5 Nxf2+ 41. Kf3 Nd3 42. gxh6 gxh6 43. Ke4 Nxb2 44. Ne3 b5 45. Kd4 b4 46. axb4 axb4 47. Nc2 b3 48. Ne3 Na4 49. Kd3 Kg6 50. Nc4 Kg5 51. Na5 b2 52. Kc2 Kxg4 53. Nc6 Kf5 54. Nd4+ Kxe5 55. Nf3+ Kf4 56. Nd4 Ke5 57. Nf3+ Kf6 58. Nd2 e5 59. Kb3 Nc5+ 60. Kxb2 Kf5 61. Kc3 Ne4+ 0-1


[Site "https://www.chess.com"]

[Event "Titled Tuesday Blitz August 31 2021"]
[White "Ezat, Mohamed"]
[Black "Yanchenko, Roman"]
[WhiteFideId "10600906"]
[BlackFideId "4137329"]
[WhiteElo "2531"]
[BlackElo "2739"]
[Result "0-1"]
[Round "04"]
[TimeControl "180+1"]
[Date "2021.08.31"]
[WhiteClock "0:00:31"]
[BlackClock "0:01:12"]

1. d4 d5 2. c4 c6 3. Nc3 Nf6 4. cxd5 cxd5 5. Bf4 Nc6 6. e3 a6 7. Bd3 g6 8. h3 Bf5 9. Bxf5 gxf5 10. Nf3 e6 11. Rc1 Ne4 12. g4 Nxc3 13. bxc3 fxg4 14. hxg4 Bd6 15. Bxd6 Qxd6 16. c4 Qb4+ 17. Kf1 dxc4 18. Rb1 Qe7 19. Qa4 O-O 20. Qxc4 f5 21. d5 exd5 22. Qxd5+ Qf7 23. Qxf7+ Rxf7 24. Ng5 Rg7 25. Ne6 Rxg4 26. Rxb7 Re8 27. Ng7 Rxg7 28. Rb6 Rg6 29. Rb7 h6 30. Rh5 f4 31. exf4 Nd4 32. f5 Rg7 33. Rb6 Nf3 34. Re6 Rg1+ 35. Ke2 Nd4+ 0-1


[Site "https://www.chess.com"]

[Event "Titled Tuesday Blitz August 31 2021"]
[White "FGHSMN"]
[Black "Vasli, Aref"]
[BlackFideId "417521"]
[WhiteElo "2667"]
[BlackElo "2257"]
[Result "1-0"]
[Round "04"]
[TimeControl "180+1"]
[Date "2021.08.31"]
[WhiteClock "0:01:04"]
[BlackClock "0:00:04"]

1. b3 Nf6 2. Bb2 d5 3. Nf3 c6 4. g3 g6 5. Bg2 Bg7 6. O-O O-O 7. c4 Re8 8. d3 e5 9. Nxe5 Ng4 10. d4 dxc4 11. Nxc4 Na6 12. e3 Nc7 13. Nc3 h5 14. h3 Nf6 15. e4 Ne6 16. e5 Nh7 17. Nd6 Rf8 18. f4 Nc7 19. f5 Bh6 20. fxg6 fxg6 21. Qd3 Kg7 22. d5 Ng5 23. e6 Kh7 24. Nf7 Nxf7 25. exf7 Nxd5 26. Nxd5 cxd5 27. Rf6 Qxf6 28. Bxf6 Rxf7 29. Rf1 Be6 30. Bxd5 Bxd5 31. Qxd5 Raf8 32. g4 Bg7 33. g5 Bxf6 34. gxf6 Rxf6 35. Rxf6 Rxf6 36. Qxb7+ Kh6 37. Qxa7 Rf5 38. Qe3+ 1-0


[Site "https://www.chess.com"]

[Event "Titled Tuesday Blitz August 31 2021"]
[White "Federzoni, Enzo"]
[Black "Khoroshev, Nikita"]
[WhiteFideId "2173301"]
[BlackFideId "14200287"]
[WhiteElo "1956"]
[BlackElo "2328"]
[Result "1/2-1/2"]
[Round "04"]
[TimeControl "180+1"]
[Date "2021.08.31"]
[WhiteClock "0:00:23"]
[BlackClock "0:00:08"]

1. e4 e5 2. Nf3 Nc6 3. d4 exd4 4. Nxd4 Nf6 5. Nc3 Bb4 6. Nxc6 bxc6 7. Bd3 d5 8. exd5 cxd5 9. O-O O-O 10. Bg5 c6 11. Qf3 Bd6 12. h3 Rb8 13. Na4 Rb4 14. b3 Be6 15. Rfe1 h6 16. Bxf6 Qxf6 17. Qxf6 gxf6 18. Rad1 Kh8 19. c3 Rh4 20. c4 Rg8 21. Kf1 Bb4 22. Re3 Rd4 23. g4 dxc4 24. Bc2 Rxd1+ 25. Bxd1 Rd8 26. Bc2 Rd2 27. Re2 cxb3 28. Bxb3 Rxe2 29. Kxe2 Kg7 30. Nb2 a5 31. Bxe6 fxe6 32. Kd3 Kg6 33. f4 h5 34. a4 hxg4 35. hxg4 f5 36. g5 Bd6 37. Ke3 e5 38. fxe5 Bxe5 39. Nc4 Bc7 40. Kd4 Kxg5 41. Kc5 f4 42. Kxc6 Bd8 43. Kd5 f3 44. Ke4 Kg4 45. Ne5+ Kg3 46. Nxf3 Bf6 47. Nd2 Bc3 48. Nc4 Kg4 49. Kd5 Kf5 50. Kc6 Ke6 51. Kb5 Kd7 52. Nb6+ Kd8 53. Nd5 Be1 54. Nb6 Kc7 55. Nc4 Kb7 56. Na3 Ka7 57. Nc2 Bc3 58. Ne3 Ka8 59. Ka6 Bd2 60. Nd5 Bb4 61. Kb5 Kb8 62. Nxb4 axb4 63. Kxb4 Kb7 64. a5 Ka6 65. Kc5 Ka7 66. a6 Kxa6 1/2-1/2


[Site "https://www.chess.com"]

[Event "Titled Tuesday Blitz August 31 2021"]
[White "Florescu, Codrut-Constantin"]
[Black "Fier, Alexandr"]
[WhiteFideId "1202200"]
[BlackFideId "2107139"]
[WhiteElo "2243"]
[BlackElo "2569"]
[Result "0-1"]
[Round "04"]
[TimeControl "180+1"]
[Date "2021.08.31"]
[WhiteClock "0:00:11"]
[BlackClock "0:00:12"]

1. d4 Nf6 2. c4 c5 3. d5 e6 4. Nc3 exd5 5. cxd5 d6 6. e4 g6 7. f3 Bg7 8. Bg5 O-O 9. Qd2 h6 10. Be3 Re8 11. Nge2 a6 12. a4 Nbd7 13. Ng3 h5 14. Be2 h4 15. Nf1 Nh7 16. Qc1 Ne5 17. Nd2 f5 18. O-O Bd7 19. a5 Rb8 20. Nc4 Nxc4 21. Bxc4 h3 22. Rf2 hxg2 23. Rxg2 Nf8 24. Bg5 Qc7 25. Bh6 Bd4+ 26. Kh1 Kf7 27. Ne2 Bf6 28. Ng3 b5 29. axb6 Rxb6 30. exf5 Bxf5 31. Nxf5 gxf5 32. Qf4 Qc8 33. Rag1 Re5 34. b3 Rb8 35. Qg3 Ke7 36. Bg7 Bxg7 37. Qxg7+ Ke8 38. Qf6 Qd8 39. Qh6 Rb7 40. Rg7 Rbe7 41. Qf6 Kd7 42. Rg8 Re8 43. Bxa6 Kc7 44. Bb5 Qxf6 45. R1g7+ Kb6 46. Bxe8 Rxe8 0-1


[Site "https://www.chess.com"]

[Event "Titled Tuesday Blitz August 31 2021"]
[White "Gelman, Alexander"]
[Black "Svane, Frederik"]
[WhiteFideId "4118316"]
[BlackFideId "12923044"]
[WhiteElo "2590"]
[BlackElo "2755"]
[Result "0-1"]
[Round "04"]
[TimeControl "180+1"]
[Date "2021.08.31"]
[WhiteClock "0:00:05"]
[BlackClock "0:00:33"]

1. d4 Nf6 2. Nc3 d5 3. Bf4 g6 4. e3 Bg7 5. h4 c6 6. Nf3 h5 7. Qd2 Nbd7 8. O-O-O b5 9. Ne5 Qb6 10. f3 a5 11. Kb1 a4 12. a3 b4 13. axb4 Qxb4 14. Nxc6 Qb6 15. Bb5 Ba6 16. Bxa4 Bc4 17. Ne5 O-O 18. Nxd7 Nxd7 19. Bxd7 e5 20. Bxe5 Bxe5 21. dxe5 Rfb8 22. Bb5 Qa5 23. Ba4 Rxb2+ 24. Kxb2 Qb4+ 25. Kc1 Qa3+ 26. Kb1 Rxa4 0-1


[Site "https://www.chess.com"]

[Event "Titled Tuesday Blitz August 31 2021"]
[White "Grachev, Boris"]
[Black "Cunha, Lucas Aguiar"]
[WhiteFideId "4129199"]
[BlackFideId "2125404"]
[WhiteElo "2580"]
[BlackElo "2361"]
[Result "1-0"]
[Round "04"]
[TimeControl "180+1"]
[Date "2021.08.31"]
[WhiteClock "0:01:49"]
[BlackClock "0:01:16"]

1. d4 Nf6 2. Bf4 d5 3. e3 c5 4. c3 Nc6 5. Nd2 h6 6. h3 e6 7. Ngf3 Be7 8. Bd3 c4 9. Bc2 b5 10. a3 O-O 11. g4 Nd7 12. h4 g6 13. Bxh6 Re8 14. Bf4 a5 15. g5 Bb7 16. h5 Nf8 17. hxg6 Nxg6 18. Bxg6 fxg6 19. Qc2 Bf8 20. Qxg6+ Bg7 21. Ne5 Nxe5 22. Bxe5 Qd7 23. Rh7 Re7 24. Ke2 1-0


[Site "https://www.chess.com"]